 Dungeon Crawl Stone Soup version 0.25.0-3-gd7cc5688da (webtiles) character file.

Game seed: 12236224446468458737

629887 MisterFreud the Rapturous (level 27, -15/216 HPs)
             Began as a Gnoll Ice Elementalist on June 14, 2020.
             Was an Elder of Uskayaw.
             Killed by a great blast of fire (67 damage)
             ... invoked by the wrath of Vehumet
             ... on level 4 of the Realm of Zot on June 15, 2020.
             The game lasted 03:57:00 (87258 turns).

MisterFreud the Rapturous (Gnoll Ice Elementalist) Turns: 87258, Time: 03:57:00

Health: -15/216    AC: 42    Str: 13    XL:     27
Magic:  13/46      EV: 20    Int: 28    God:    Uskayaw [****..]
Gold:   1393       SH: 19    Dex: 16    Spells: 16/65 levels left

rFire    + . .     SeeInvis +   q - +18 lance "Wyrmbane" {slay drac, rPois rF+ rC+ AC+3}
rCold    + . .     Gourm    .   v - +5 kite shield {reflect}
rNeg     + + .     Faith    .   G - +10 pearl dragon scales
rPois    +         Spirit   .   Z - +2 hat
rElec    .         Reflect  +   E - +2 cloak {MR+}
rCorr    +         Harm     .   N - +4 pair of gloves of Pathos {rCorr}
MR       +++++     Clarity  +   J - +2 pair of boots
Stlth    +++++.....             K - amulet of the Four Winds {rN+ MR+++ Clar}
HPRegen  0.46/turn              M - ring of see invisible
MPRegen  0.30/turn              y - +4 ring of slaying

@: corroded, very slightly contaminated, studying 3 skills
A: distributed training, antennae 1, fangs 1, sense surroundings 1, screaming 1,
strong nose
}: 4/15 runes: barnacled, slimy, silver, gossamer
a: Stomp, Line Pass, Renounce Religion


You were on level 4 of the Realm of Zot.
You worshipped Uskayaw.
Uskayaw was greatly pleased with you.
You were not hungry.

You visited 12 branches of the dungeon, and saw 55 of its levels.
You visited 1 bazaar.
You also visited: Sewer and Gauntlet.

You collected 8484 gold pieces.
You spent 3521 gold pieces at shops.
You donated 3570 gold pieces to Zin.

Inventory:

Hand Weapons
 a - a +0 sacred scourge of holy wrath
 q - the +18 lance "Wyrmbane" (weapon) {slay drac, rPois rF+ rC+ AC+3}
   (You found it on level 4 of the Shoals)

   It affects your AC (+3).
   It protects you from fire.
   It protects you from cold.
   It protects you from poison.
Armour
 v - a +5 kite shield of reflection (worn)
 E - a +2 cloak of magic resistance (worn)
 G - +10 pearl dragon scales (worn)
 J - a +2 pair of boots (worn)
 N - the +4 pair of gloves of Pathos (worn) {rCorr}
   (You found it on level 3 of the Lair of Beasts)

   It provides partial protection from all sources of acid and corrosion.
 Z - a +2 hat (worn)
Jewellery
 x - an uncursed ring of protection from cold
 y - a +4 ring of slaying (right hand)
 A - an uncursed ring of positive energy
 F - the ring "Wirriet" {rF+ Str+6 Dex+2}
   (You found it on level 5 of the Pits of Slime)

   [ring of strength]

   It affects your strength (+6).
   It affects your dexterity (+2).
   It protects you from fire.
 K - the amulet of the Four Winds (around neck) {rN+ MR+++ Clar}
   (You took it off a deep elf blademaster on level 3 of the Elven Halls)

   [amulet of nothing]

   It protects you from negative energy.
   It affects your resistance to hostile enchantments.
   It protects you against confusion.
 M - a ring of see invisible (left hand)
 P - an uncursed ring of wizardry
Wands
 d - a wand of enslavement (29)
 g - a wand of paralysis (17)
 j - a wand of acid (14)
 D - a wand of iceblast (57)
 O - a wand of digging (7)
 S - a wand of clouds (13)
Scrolls
 b - 7 scrolls of blinking
 e - 9 scrolls of fog
 h - 13 scrolls of magic mapping
 r - 24 scrolls of teleportation
 u - 8 scrolls of amnesia
 B - 16 scrolls of identify
 C - a scroll of enchant weapon
 W - 10 scrolls of fear
 X - a scroll of enchant armour
Potions
 f - 9 potions of flight
 i - 17 potions of curing
 k - 7 potions of might
 n - 6 potions of magic
 s - 5 potions of invisibility
 t - 5 potions of cancellation
 w - 6 potions of resistance
 z - 6 potions of heal wounds
 L - 4 potions of ambrosia
 T - 5 potions of berserk rage
 V - 6 potions of haste
Books
 m - a manual of Spellcasting
 H - a manual of Invocations
 I - a manual of Invocations
 Q - a manual of Unarmed Combat
Miscellaneous
 l - 4 boxes of beasts
 o - a tin of tremorstones (3/3)
 p - 3 phantom mirrors
 R - a phial of floods
Comestibles
 c - 60 rations


   Skills:
 + Level 17.6 Fighting
 + Level 17.6 Short Blades
 + Level 17.6 Long Blades
 + Level 17.6 Axes
 + Level 17.6 Maces & Flails
 + Level 17.6 Polearms
 + Level 17.6 Staves
 + Level 17.6 Slings
 + Level 17.6 Bows
 + Level 17.6 Crossbows
 + Level 17.6 Throwing
 + Level 17.6 Armour
 + Level 18.1 Dodging
 + Level 18.0 Stealth
 + Level 17.6 Shields
 + Level 18.7 Unarmed Combat
 + Level 19.7 Spellcasting
 + Level 15.2 Conjurations
 + Level 15.2 Hexes
 + Level 15.2 Charms
 + Level 15.2 Summonings
 + Level 15.2 Necromancy
 + Level 15.2 Translocations
 + Level 15.2 Transmutations
 + Level 15.2 Fire Magic
 + Level 16.4 Ice Magic
 + Level 15.2 Air Magic
 + Level 15.2 Earth Magic
 + Level 15.2 Poison Magic
 + Level 20.4 Invocations
 + Level 17.6 Evocations


You had 16 spell levels left.
You knew the following spells:

 Your Spells              Type           Power        Failure   Level  Hunger
a - Freeze                Ice            ####         0%          1    None
b - Frozen Ramparts       Ice            ######       0%          3    None
c - Tukima's Dance        Hex            #######.     1%          3    None
d - Apportation           Tloc           ######       0%          1    None
e - Airstrike             Air            #######...   1%          4    None
f - Mephitic Cloud        Conj/Pois/Air  #######.     1%          3    None
g - Iron Shot             Conj/Erth      #######...   1%          6    None
h - Hailstorm             Conj/Ice       #######.     1%          4    None
i - Irradiate             Conj/Tmut      #######...   1%          5    None
j - Lehudib's Crystal Sp  Conj/Erth      #######...   52%         8    #####..
k - Borgnjor's Vile Clut  Necr/Erth      #######...   1%          5    None
l - Statue Form           Tmut/Erth      #######..    1%          6    None

Your spell library contained the following spells:

 Spells                   Type           Power        Failure   Level  Hunger
 Animate Skeleton         Necr           N/A          0%          1    None
 Corona                   Hex            #######      0%          1    None
 Foxfire                  Conj/Fire      ####         0%          1    None
 Infusion                 Chrm           ####         0%          1    None
 Magic Dart               Conj           ####         0%          1    None
 Sandblast                Erth           ######       0%          1    None
 Sting                    Tmut/Pois      ####         0%          1    None
 Summon Butterflies       Summ           #######.     0%          1    None
 Summon Small Mammal      Summ           ####         0%          1    None
 Blink                    Tloc           N/A          0%          2    None
 Call Imp                 Summ           #######.     0%          2    None
 Corpse Rot               Necr/Air       N/A          0%          2    None
 Ensorcelled Hibernation  Hex/Ice        ######       0%          2    None
 Passwall                 Tmut/Erth      #######.     0%          2    None
 Poisonous Vapours        Pois/Air       ######       0%          2    None
 Searing Ray              Conj           ######       0%          2    None
 Shroud of Golubria       Chrm/Tloc      ######       0%          2    None
 Slow                     Hex            #######.     0%          2    None
 Song of Slaying          Chrm           #######.     0%          2    None
 Sublimation of Blood     Necr           #######...   0%          2    None
 Swiftness                Chrm/Air       #######.     0%          2    None
 Call Canine Familiar     Summ           #######.     1%          3    None
 Confusing Touch          Hex            #######.     1%          3    None
 Conjure Flame            Conj/Fire      #######.     1%          3    None
 Dazzling Flash           Conj/Hex       ######       1%          3    None
 Gell's Gravitas          Tloc           #######...   1%          3    None
 Ignite Poison            Fire/Tmut/Pois #######.     1%          3    None
 Inner Flame              Hex/Fire       #######.     1%          3    None
 Lesser Beckoning         Tloc           #######...   1%          3    None
 Ozocubu's Armour         Chrm/Ice       #######.     1%          3    None
 Portal Projectile        Hex/Tloc       ######       1%          3    None
 Recall                   Summ/Tloc      N/A          1%          3    None
 Spectral Weapon          Hex/Chrm       #######.     1%          3    None
 Stone Arrow              Conj/Erth      ######       1%          3    None
 Summon Guardian Golem    Hex/Summ       #######.     1%          3    None
 Teleport Other           Tloc           #######.     1%          3    None
 Animate Dead             Necr           N/A          1%          4    None
 Cause Fear               Hex            #######...   1%          4    None
 Dispel Undead            Necr           #######.     1%          4    None
 Fulminant Prism          Conj/Hex       #######...   1%          4    None
 Iskenderun's Mystic Bla  Conj/Tloc      #######.     1%          4    None
 Leda's Liquefaction      Hex/Erth       #######...   1%          4    None
 Olgreb's Toxic Radiance  Pois           #######.     1%          4    None
 Passage of Golubria      Tloc           N/A          1%          4    None
 Petrify                  Tmut/Erth      #######.     1%          4    None
 Sticky Flame             Conj/Fire      #######.     1%          4    None
 Summon Ice Beast         Ice/Summ       #######.     1%          4    None
 Summon Lightning Spire   Summ/Air       #######.     1%          4    None
 Agony                    Necr           #######.     1%          5    None
 Alistair's Intoxication  Tmut/Pois      #######.     1%          5    None
 Bolt of Magma            Conj/Fire/Erth #######...   1%          5    None
 Excruciating Wounds      Chrm/Necr      #######...   1%          5    None
 Fireball                 Conj/Fire      #######...   1%          5    None
 Iskenderun's Battlesphe  Conj/Chrm      #######.     1%          5    None
 Lee's Rapid Deconstruct  Erth           #######...   1%          5    None
 Metabolic Englaciation   Hex/Ice        #######...   1%          5    None
 Silence                  Hex/Air        #######...   1%          5    None
 Summon Demon             Summ           #######...   1%          5    None
 Summon Forest            Summ/Tloc      #######...   1%          5    None
 Summon Mana Viper        Hex/Summ       #######.     1%          5    None
 Yara's Violent Unravell  Hex/Tmut       #######...   1%          5    None
 Conjure Ball Lightning   Conj/Air       #######...   1%          6    None
 Darkness                 Hex            #######...   1%          6    None
 Dispersal                Tloc           #######...   1%          6    None
 Eringya's Noxious Bog    Tmut/Pois      #######...   1%          6    None
 Freezing Cloud           Conj/Ice/Air   #######...   1%          6    None
 Hydra Form               Tmut           #######...   1%          6    None
 Invisibility             Hex            #######.     1%          6    None
 Shadow Creatures         Summ           N/A          1%          6    None
 Starburst                Conj/Fire      #######...   1%          6    None
 Dragon Form              Tmut           #######...   8%          7    ####...
 Haunt                    Necr/Summ      #######...   8%          7    ####...
 Orb of Destruction       Conj           #######...   8%          7    ####...
 Ring of Flames           Chrm/Fire      #######...   8%          7    ####...
 Spellforged Servitor     Conj/Summ      #######...   8%          7    ####...
 Summon Hydra             Summ           #######...   8%          7    ####...
 Borgnjor's Revivificati  Necr           #######...   52%         8    #####..
 Controlled Blink         Tloc           N/A          52%         8    #####..
 Death's Door             Chrm/Necr      #######...   52%         8    #####..
 Discord                  Hex            #######...   52%         8    #####..
 Disjunction              Tloc           #######...   52%         8    #####..
 Infestation              Necr           #######...   52%         8    #####..
 Necromutation            Tmut/Necr      #######...   52%         8    #####..
 Dragon's Call            Summ           #######...   100%        9    #######
 Shatter                  Erth           #######...   100%        9    #######
 Tornado                  Air            #######...   100%        9    #######


Dungeon Overview and Level Annotations

Branches:
Dungeon (15/15)            Temple (1/1) D:6            Lair (6/6) D:11
 Shoals (4/4) Lair:4       Spider (4/4) Lair:2        Slime (5/5) Lair:6
    Orc (2/2) D:12            Elf (3/3) Orc:2        Vaults (5/5) D:13
  Crypt (1/3) Vaults:2     Depths (5/5) D:15            Zot (4/5) Depths:5
  Sewer (visited)         Gauntlet (visited)

Altars:
Ashenzari
Cheibriados
Dithmenos
Elyvilon
Fedhas
Gozag
Hepliaklqana
Kikubaaqudgha
Makhleb
Nemelex Xobeh
Okawaru
Qazlal
Ru
Sif Muna
Trog
Uskayaw
Vehumet
Wu Jian
Xom
Yredelemnul
Zin
The Shining One
Beogh
Jiyva
Lugonu

Shops:
D:6 ?   D:11 ?   D:13 %?(%   D:14 ?   Orc:1 [   Orc:2 [(((   Elf:2 }
Depths:1 %   Depths:2 ((   Depths:4 [

Portals:
Hell: Depths:1 Depths:2 Depths:3 Depths:4 Depths:5
Abyss: Depths:1 Depths:4
Pandemonium: Depths:3
Ziggurat: Depths:2
Trove: D:12 (give +3 gold dragon scales)

Annotations:
Abyss:1 Fannar


Innate Abilities, Weirdness & Mutations

Your experience applies equally to all skills.
You have very sharp teeth.
Your uncanny sense of smell can sniff out nearby items.
You have a pair of small antennae on your head.
You passively map a small area around you.
You occasionally shout uncontrollably at your foes.


Message History

You impale the white draconian!!
The white draconian convulses!!
You kill the white draconian!
The zombie hands constrict the tentacled monstrosity.
The zombie hands constrict the red draconian knight!
The red draconian knight is engulfed in negative energy.
The red draconian knight is drained!
Uskayaw will force your foes to share their pain.
Uskayaw links your audience in an emotional bond!
Unknown command.
You kill the red draconian knight!
The zombie hands constrict the tentacled monstrosity!!!
The red draconian is engulfed in negative energy.
The red draconian is drained!
You kill the tentacled monstrosity!
The purple draconian is engulfed in negative energy.
The purple draconian is drained!
Vehumet rains destruction down upon you!
A raging storm of fire appears!
The great blast of fire engulfs you!!! You partially resist.
You die...

#....#
.[...#
...#** ...#
...# ..<#
...# #####
...# #...#
...#*###
#§@.#
#..##...
##§§.#
#.......*
##§d§##
#...... *
#.§§§#
#..).#
#.d§§#
d..##...#
*#.§§§## ,
q..#....#
##....#
y..#....#
##...#
#X.#.....,,
#...# *


You could see a purple draconian (paralysed, drained, pain bonded), a red
draconian (paralysed, drained, pain bonded) and the wrath of Vehumet (unaware).

Vanquished Creatures
  the Royal Jelly (Slime:5)
  Mennas (Depths:3)
  Boris (Depths:3)
  The ghost of Alunk the Bludgeoner, a legendary GnFi of Cheibriados (Zot:2)
  Frederick (Depths:4)
  Saint Roka (Depths:3)
  Xtahua (Depths:3)
  A caustic shrike (Depths:2)
  9 golden dragons
  Arachne (Spider:2)
  An electric golem (Zot:2)
  Jorgrun (Shoals:3)
  20 tentacled monstrosities
  2 titans (Vaults:5)
  2 deep elf blademasters (Elf:3)
  4 quicksilver dragons
  2 deep elf master archers (Elf:3)
  Asterion (Spider:3)
  4 liches
  17 acid blobs
  5 death cobs
  Agnes (Spider:2)
  A sphinx (Vaults:1)
  8 tengu reavers
  12 storm dragons
  3 shadow dragons
  7 fire giants
  The ghost of windycow the Bludgeoner, an adept GrFi of Makhleb (Orc:2)
  18 azure jellies
  13 draconian monks
  Donald (Spider:2)
  An iron dragon (shapeshifter) (Vaults:5)
  A draconian scorcher (Zot:1)
  An iron dragon (Depths:4)
  8 deep elf sorcerers
  6 ghost moths
  6 frost giants
  8 draconian knights
  4 emperor scorpions
  3 orc warlords
  20 vault wardens
  5 deep elf elementalists
  A ghoul (Vaults:5)
  Louise (Depths:4)
  2 spriggan defenders (Depths:4)
  3 draconian shifters
  5 draconian stormcallers
  9 draconian annihilators
  3 war gargoyles (Vaults:5)
  15 ironheart preservers
  25 stone giants
  2 entropy weavers
  A caustic shrike zombie (Depths:2)
  18 very ugly things
  8 black draconians
  7 deep elf demonologists
  9 green draconians
  2 vampire knights (Crypt:1)
  8 yellow draconians
  10 purple draconians
  Azrael (D:14)
  7 red draconians
  8 white draconians
  2 spark wasps (Spider:3)
  A minotaur (Orc:2)
  6 deep elf annihilators
  An ettin (shapeshifter) (Vaults:5)
  13 ettins
  8 deep elf death magi
  3 merfolk javelineers
  4 fire dragons
  A green death (Depths:3)
  16 yaktaur captains
  18 death oozes
  9 merfolk impalers
  Josephine (D:10)
  16 ogre magi
  A jiangshi (Crypt:1)
  4 deep elf high priests
  6 ice dragons
  6 great orbs of eyes
  3 rakshasas
  Harold (D:9)
  8 spriggan air magi
  31 vault guards
  A hell beast (Depths:4)
  5 merfolk aquamancers
  A catoblepas (Lair:6)
  A two-headed ogre (shapeshifter) (Depths:3)
  39 two-headed ogres
  3 death knights
  Erica (Orc:1)
  9 hydras
  2 alligator snapping turtles (Shoals:1)
  4 merfolk avatars
  3 satyrs
  10 centaur warriors
  32 dancing weapons
  4 orc high priests
  10 tengu warriors
  6 death yaks (Lair:6)
  10 deep troll shamans
  A spriggan berserker (Depths:5)
  36 deep elf knights
  9 deep troll earth magi
  7 hell knights (Depths:1)
  Sonja (D:11)
  14 skeletal warriors
  A shadow wraith (Vaults:5)
  A fire crab (shapeshifter) (D:14)
  A fire crab (Gauntlet)
  An iron troll (Depths:4)
  Nergalle (D:10)
  18 deep elf archers
  2 salamander mystics (Depths:4)
  4 glowing orange brains
  A quicksilver dragon simulacrum (Crypt:1)
  A deep troll (shapeshifter) (Depths:2)
  23 sea snakes
  An infernal demonspawn (Depths:3)
  2 death drakes (Depths:5)
  A shadow dragon zombie (Depths:2)
  4 flayed ghosts
  6 unseen horrors
  32 deep trolls
  18 orc knights
  6 lindwurms
  4 wizards
  9 phantasmal warriors
  21 harpies
  49 wolf spiders
  14 ironbrand convokers
  A mana viper (shapeshifter) (Vaults:2)
  14 orb spiders
  5 necromancers
  58 ugly things
  10 cyclopes
  65 deep elf magi
  4 shining eyes
  15 manticores
  7 orc sorcerers
  A shining eye (shapeshifter) (Vaults:5)
  15 fauns
  2 sphinx skeletons
  3 frost giant skeletons
  12 merfolk sirens
  5 salamanders (Depths:4)
  10 vault sentinels
  2 fire giant skeletons
  11 elephants
  A guardian serpent (shapeshifter) (Vaults:1)
  Joseph (D:10)
  2 eyes of devastation (Slime:5)
  14 moths of wrath
  5 water nymphs
  2 guardian serpents (D:15)
  2 black mambas (Lair:2)
  2 smoke demons (Depths:3)
  2 torpor snails
  A gargoyle (D:14)
  16 spiny frogs
  4 spectral swamp worms (Depths:5)
  Maggie (D:8)
  2 rime drakes
  3 freezing wraiths
  4 komodo dragons
  53 yaktaurs
  An efreet (Gauntlet)
  5 tengu conjurers
  9 centaur skeletons
  14 demonic crawlers
  A redback zombie (D:15)
  8 human skeletons (Vaults:2)
  An ice devil (Depths:3)
  A yaktaur skeleton (Vaults:2)
  4 polar bears
  A jumping spider (shapeshifter) (Elf:1)
  23 merfolk
  A wind drake (shapeshifter) (Elf:2)
  3 meliai (Spider:3)
  16 trolls
  39 jumping spiders
  9 wind drakes
  A merfolk (shapeshifter) (Vaults:5)
  A blink frog (shapeshifter) (Vaults:2)
  74 slime creatures
  4 blink frogs (Lair:1)
  12 snapping turtles
  18 hornets
  A hornet (shapeshifter) (Elf:1)
  An iron dragon simulacrum (Depths:4)
  2 frost giant simulacra
  A dream sheep (shapeshifter) (Vaults:3)
  10 dream sheep
  17 hippogriffs
  A snapping turtle (shapeshifter) (Vaults:5)
  4 flying skulls (Depths:4)
  3 air elementals
  75 redbacks
  11 water elementals
  3 shadows
  26 tarantellas
  A vampire (D:13)
  A wyvern (Lair:3)
  10 wraiths
  24 yaks
  6 basilisks
  4 fire bats (Gauntlet)
  8 fire elementals
  4 spriggans
  20 humans
  2 hungry ghosts
  9 golden eyes
  5 hogs
  6 vampire mosquitoes (D:14)
  7 wargs
  A warg (shapeshifter) (Elf:1)
  A soldier ant (D:14)
  3 acid dragons
  5 hell hounds
  7 water moccasins
  A floating eye (Depths:4)
  65 orc warriors
  5 porcupines
  Purgy (Sewer)
  4 sky beasts
  An ettin simulacrum (Vaults:3)
  5 ice beasts
  2 black bears
  An eye of draining (shapeshifter) (Vaults:2)
  5 eyes of draining
  2 human zombies
  2 phantoms
  A dream sheep zombie (Crypt:1)
  10 centaurs
  3 swamp drakes (Depths:5)
  23 wolves
  3 boggarts (Depths:3)
  37 ogres
  11 crocodiles
  An orc skeleton (Vaults:2)
  Blork the orc (D:5)
  8 bullfrogs
  A wyvern zombie (D:6)
  An earth elemental (Elf:1)
  2 wyvern skeletons
  A water moccasin skeleton (D:5)
  4 scorpions
  16 wights
  6 howler monkeys
  8 electric eels
  4 crimson imps
  A quasit (D:11)
  2 human simulacra
  7 hounds
  40 orc wizards
  33 orc priests
  A bullfrog skeleton (D:4)
  5 jellies
  Crazy Yiuf (D:6)
  Ijyb (D:3)
  6 iguanas
  2 hell rats (Lair:4)
  12 worker ants
  2 hound skeletons
  A worker ant zombie (D:9)
  7 river rats (Lair:4)
  10 adders
  A shadow imp (D:7)
  3 ufetubi (Gauntlet)
  An ooze (D:4)
  10 worms
  3 dart slugs
  3 leopard geckos
  136 orcs
  8 giant cockroaches
  9 hobgoblins
  13 jackals
  9 kobolds
  4 quokkas
  A ball python (D:7)
  7 bats
  9 frilled lizards
  14 goblins
  A jackal skeleton (D:4)
  A leopard gecko skeleton (D:4)
  6 rats
  A butterfly (Lair:5)
  4 fire vortices
  6 plants (Shoals:4)
  4 tentacles (Shoals:2)
2439 creatures vanquished.

Vanquished Creatures (collateral kills)
  A wight (D:10)
1 creature vanquished.

Vanquished Creatures (others)
  A minotaur (Gauntlet)
  A spriggan air mage (Depths:5)
  A two-headed ogre (D:12)
  A dancing weapon (Elf:2)
  A deep elf knight (Elf:2)
  A sixfirhy (Gauntlet)
  An ugly thing (D:11)
  A gargoyle (D:11)
  A spectral swamp worm (Depths:5)
  A komodo dragon (Lair:3)
  A jumping spider (Spider:2)
  A yak (D:11)
  A fire elemental (Elf:1)
  A hell hound (Gauntlet)
  A swamp drake (Depths:5)
  An orc warrior (D:11)
  2 ogres (Vaults:4)
  A crimson imp (D:11)
  A worker ant (D:12)
  An adder (D:11)
  A worm (Lair:2)
  2 orcs
  2 fire vortices (Zot:1)
  10 fungi
  23 plants
  8 tentacles (Shoals:2)
67 creatures vanquished.

Grand Total: 2507 creatures vanquished

Notes
Turn   | Place    | Note
-------+----------+-------------------------------------------
     0 | D:1      | MisterFreud the Gnoll Ice Elementalist began the quest for
                  | the Orb.
     0 | D:1      | Reached XP level 1. HP: 13/13 MP: 6/6
   269 | D:1      | Reached XP level 2. HP: 17/19 MP: 3/7
   724 | D:1      | Reached XP level 3. HP: 25/25 MP: 7/9
  1130 | D:2      | Reached skill level 5 in Spellcasting
  1161 | D:2      | Found an opulent altar of Gozag.
  1589 | D:2      | Learned a level 3 spell: Frozen Ramparts
  1593 | D:2      | Learned a level 3 spell: Ozocubu's Armour
  1645 | D:2      | Reached skill level 1 in Invocations
  2199 | D:3      | Noticed Ijyb
  2208 | D:3      | Reached skill level 1 in Fighting
  2208 | D:3      | Reached skill level 1 in Short Blades
  2208 | D:3      | Reached skill level 1 in Long Blades
  2208 | D:3      | Reached skill level 1 in Axes
  2208 | D:3      | Reached skill level 1 in Maces & Flails
  2208 | D:3      | Reached skill level 1 in Polearms
  2208 | D:3      | Reached skill level 1 in Staves
  2208 | D:3      | Reached skill level 1 in Slings
  2208 | D:3      | Reached skill level 1 in Bows
  2208 | D:3      | Reached skill level 1 in Crossbows
  2208 | D:3      | Reached skill level 1 in Throwing
  2208 | D:3      | Reached skill level 1 in Armour
  2208 | D:3      | Reached skill level 1 in Shields
  2208 | D:3      | Reached skill level 1 in Unarmed Combat
  2208 | D:3      | Reached skill level 1 in Evocations
  2218 | D:3      | Killed Ijyb
  2218 | D:3      | Reached XP level 4. HP: 32/32 MP: 6/11
  2333 | D:3      | Found a basalt altar of Yredelemnul.
  2379 | D:3      | Reached skill level 1 in Conjurations
  2379 | D:3      | Reached skill level 1 in Hexes
  2379 | D:3      | Reached skill level 1 in Charms
  2379 | D:3      | Reached skill level 1 in Summonings
  2379 | D:3      | Reached skill level 1 in Necromancy
  2379 | D:3      | Reached skill level 1 in Translocations
  2379 | D:3      | Reached skill level 1 in Transmutations
  2379 | D:3      | Reached skill level 1 in Fire Magic
  2379 | D:3      | Reached skill level 1 in Air Magic
  2379 | D:3      | Reached skill level 1 in Earth Magic
  2379 | D:3      | Reached skill level 1 in Poison Magic
  2642 | D:3      | Reached XP level 5. HP: 37/37 MP: 8/12
  3492 | D:4      | Reached XP level 6. HP: 44/44 MP: 13/13
  3586 | D:4      | Reached skill level 2 in Invocations
  3906 | D:4      | Reached skill level 5 in Dodging
  3959 | D:4      | Got a fine trident
  3960 | D:4      | Identified the +1 trident "Repnota" {drain, Dex+2} (You
                  | found it on level 4 of the Dungeon)
  4099 | D:4      | Found a radiant altar of Vehumet.
  4100 | D:4      | Found an iron altar of Okawaru.
  4104 | D:4      | Found a hazy altar of Hepliaklqana.
  4107 | D:4      | Became a worshipper of Vehumet
  4516 | D:5      | Entered Level 5 of the Dungeon
  4592 | D:5      | Reached XP level 7. HP: 50/50 MP: 11/15
  4874 | D:5      | Noticed Blork the orc
  4881 | D:5      | Killed Blork the orc
  4940 | D:5      | Reached skill level 5 in Stealth
  5300 | D:5      | Reached skill level 3 in Invocations
  5424 | D:5      | Reached XP level 8. HP: 54/57 MP: 16/16
  5834 | D:6      | Got a slimy falchion
  5885 | D:6      | Found Vut Ucku's Magic Scroll Boutique.
  5962 | D:6      | Found a glowing drain.
  5982 | Sewer    | Entered a sewer
  6270 | Sewer    | Noticed Purgy
  6274 | Sewer    | Killed Purgy
  6359 | D:6      | Found a staircase to the Ecumenical Temple.
  6416 | D:6      | Reached * piety under Vehumet
  6416 | D:6      | Offered knowledge of Foxfire by Vehumet.
  6429 | Temple   | Entered the Ecumenical Temple
  6643 | D:6      | Identified the cursed +2 falchion of Distraction {vorpal,
                  | +Fly rElec Dex-3} (You found it on level 6 of the Dungeon)
  6743 | D:6      | Reached skill level 4 in Invocations
  6765 | D:6      | Reached XP level 9. HP: 63/65 MP: 14/18
  6822 | D:6      | Found a runed translucent door.
  6823 | D:6      | Noticed Crazy Yiuf
  6828 | D:6      | Killed Crazy Yiuf
  7278 | D:7      | Found a bloodstained altar of Trog.
  7552 | D:7      | Found a basalt altar of Yredelemnul.
  7580 | D:7      | Reached ** piety under Vehumet
  7580 | D:7      | Offered knowledge of Searing Ray by Vehumet.
  7845 | D:7      | Reached skill level 5 in Invocations
  7856 | D:7      | Reached XP level 10. HP: 71/73 MP: 17/20
  8550 | D:8      | Noticed Maggie
  8565 | D:8      | Killed Maggie
  8565 | D:8      | Reached skill level 5 in Fighting
  8565 | D:8      | Reached skill level 5 in Short Blades
  8565 | D:8      | Reached skill level 5 in Long Blades
  8565 | D:8      | Reached skill level 5 in Axes
  8565 | D:8      | Reached skill level 5 in Maces & Flails
  8565 | D:8      | Reached skill level 5 in Polearms
  8565 | D:8      | Reached skill level 5 in Staves
  8565 | D:8      | Reached skill level 5 in Slings
  8565 | D:8      | Reached skill level 5 in Bows
  8565 | D:8      | Reached skill level 5 in Crossbows
  8565 | D:8      | Reached skill level 5 in Throwing
  8565 | D:8      | Reached skill level 5 in Armour
  8565 | D:8      | Reached skill level 5 in Shields
  8565 | D:8      | Reached skill level 5 in Unarmed Combat
  8565 | D:8      | Reached skill level 5 in Evocations
  8657 | D:8      | Found a bloodstained altar of Trog.
  9914 | D:9      | Reached skill level 6 in Invocations
 10049 | D:9      | Noticed Harold
 10067 | D:9      | Killed Harold
 10326 | D:9      | Offered knowledge of Static Discharge by Vehumet.
 10492 | D:10     | Entered Level 10 of the Dungeon
 10507 | D:9      | Reached XP level 11. HP: 81/81 MP: 16/22
 10578 | D:10     | Killed an unseen horror
 10694 | D:10     | Noticed a purple ugly thing
 10712 | D:10     | Killed a purple ugly thing
 10712 | D:10     | Reached skill level 5 in Conjurations
 10712 | D:10     | Reached skill level 5 in Hexes
 10712 | D:10     | Reached skill level 5 in Charms
 10712 | D:10     | Reached skill level 5 in Summonings
 10712 | D:10     | Reached skill level 5 in Necromancy
 10712 | D:10     | Reached skill level 5 in Translocations
 10712 | D:10     | Reached skill level 5 in Transmutations
 10712 | D:10     | Reached skill level 5 in Fire Magic
 10712 | D:10     | Reached skill level 5 in Air Magic
 10712 | D:10     | Reached skill level 5 in Earth Magic
 10712 | D:10     | Reached skill level 5 in Poison Magic
 10719 | D:10     | Noticed a cyclops
 10728 | D:10     | Reached *** piety under Vehumet
 10732 | D:10     | Killed a cyclops
 10733 | D:10     | Identified the ring of Fun {rCorr Dex+4}
 10746 | D:9      | Learned a level 3 spell: Tukima's Dance
 10748 | D:9      | Learned a level 1 spell: Apportation
 11178 | D:10     | Noticed Josephine
 11179 | D:10     | Noticed Nergalle
 11328 | D:10     | Killed Josephine
 11490 | D:10     | Killed Nergalle
 11490 | D:10     | Reached skill level 7 in Invocations
 11491 | D:10     | Noticed Joseph
 11509 | D:10     | Killed Joseph
 11750 | D:10     | Offered knowledge of Airstrike by Vehumet.
 11757 | D:10     | Learned a level 4 spell: Airstrike
 11866 | D:10     | Killed an unseen horror
 11881 | D:10     | Killed an unseen horror
 12150 | D:10     | Reached XP level 12. HP: 89/89 MP: 21/24
 12471 | D:10     | Noticed a yaktaur captain
 12496 | D:10     | Killed a yaktaur captain
 12755 | D:11     | Found a staircase to the Lair.
 12765 | D:11     | Found Ahoamoc's Magic Scroll Shop.
 12779 | D:11     | Noticed a two-headed ogre
 12785 | D:11     | Killed a two-headed ogre
 13113 | D:11     | Reached **** piety under Vehumet
 13152 | D:11     | Bought a scroll of blinking for 112 gold pieces
 13152 | D:11     | Bought a scroll of blinking for 112 gold pieces
 13152 | D:11     | Bought a scroll of enchant armour for 112 gold pieces
 13152 | D:11     | Bought a scroll of teleportation for 45 gold pieces
 13152 | D:11     | Bought a scroll of teleportation for 45 gold pieces
 13332 | D:11     | Noticed Sonja
 13333 | D:11     | Killed Sonja
 13429 | D:11     | Reached skill level 8 in Invocations
 13430 | D:11     | Offered knowledge of Mephitic Cloud by Vehumet.
 13661 | D:11     | Learned a level 3 spell: Mephitic Cloud
 14257 | D:12     | Noticed a six-headed hydra
 14283 | D:12     | Killed an eight-headed hydra
 14355 | D:12     | Noticed a two-headed ogre
 14368 | D:12     | Banished a two-headed ogre
 14479 | D:12     | Found a portal to a secret trove of treasure.
 14811 | D:12     | Reached XP level 13. HP: 88/98 MP: 26/26
 14874 | D:12     | Found a staircase to the Orcish Mines.
 14960 | Lair:1   | Entered Level 1 of the Lair of Beasts
 15509 | Lair:1   | Noticed Fannar
 15531 | Lair:1   | Banished Fannar
 15605 | Lair:1   | You fall into a shaft and drop 1 floor!
 16078 | Lair:2   | Found an ancient bone altar of Kikubaaqudgha.
 16606 | Lair:2   | Found a hole to the Spider Nest.
 16609 | Lair:2   | Reached ***** piety under Vehumet
 16655 | Lair:2   | Offered knowledge of Orb of Destruction by Vehumet.
 17340 | Lair:3   | You fall into a shaft and drop 1 floor!
 17403 | Lair:4   | Found a gate leading to a gauntlet.
 17412 | Gauntlet | Entered a Gauntlet
 17412 | Gauntlet | Found a transporter.
 17423 | Gauntlet | Found a transporter.
 17439 | Gauntlet | Found a transporter.
 17441 | Gauntlet | Found a transporter.
 17443 | Gauntlet | Found a transporter.
 17478 | Gauntlet | Found a transporter.
 17485 | Gauntlet | Found a transporter.
 17509 | Gauntlet | Found a transporter.
 17575 | Gauntlet | Found a transporter.
 17593 | Gauntlet | Found a transporter.
 17624 | Gauntlet | Found a transporter.
 17642 | Gauntlet | Reached skill level 9 in Invocations
 17654 | Gauntlet | Learned a level 7 spell: Orb of Destruction
 17668 | Gauntlet | Found a large runed translucent door.
 17668 | Gauntlet | Found a large runed translucent door.
 17670 | Gauntlet | Found a transporter.
 17676 | Gauntlet | Found a large runed translucent door.
 17954 | Gauntlet | Found a large runed translucent door.
 17954 | Gauntlet | Found a large runed translucent door.
 17954 | Gauntlet | Found a runed translucent door.
 17954 | Gauntlet | Found a runed translucent door.
 17954 | Gauntlet | Found a large runed translucent door.
 17975 | Gauntlet | Found a large runed translucent door.
 17975 | Gauntlet | Found a large runed translucent door.
 17976 | Gauntlet | Found a large runed translucent door.
 17977 | Gauntlet | Found a large runed translucent door.
 18025 | Gauntlet | Found a large runed translucent door.
 18026 | Gauntlet | Found a large runed translucent door.
 18027 | Gauntlet | Found a large runed translucent door.
 18031 | Gauntlet | Found a large runed translucent door.
 18032 | Gauntlet | Found a large runed translucent door.
 18033 | Gauntlet | Found a large runed translucent door.
 18051 | Gauntlet | Found a transporter.
 18083 | Gauntlet | Found a runed translucent gate.
 18083 | Gauntlet | Found a runed translucent gate.
 18083 | Gauntlet | Found a runed translucent gate.
 18085 | Gauntlet | Found a transporter.
 18099 | Gauntlet | Reached skill level 10 in Ice Magic
 18137 | Gauntlet | Found a transporter.
 18173 | Gauntlet | Noticed a minotaur
 18181 | Gauntlet | Banished a minotaur
 18332 | Lair:4   | Found a staircase to the Shoals.
 18512 | D:6      | Bought a scroll of brand weapon for 280 gold pieces
 19500 | Lair:3   | Got a pair of masterwork gloves
 19506 | Lair:3   | Identified the +4 pair of gloves of Pathos {rCorr} (You
                  | found it on level 3 of the Lair of Beasts)
 20627 | Lair:5   | Reached skill level 10 in Spellcasting
 20643 | Lair:5   | Reached XP level 14. HP: 87/106 MP: 24/28
 21135 | Lair:5   | Offered knowledge of Iskenderun's Mystic Blast by Vehumet.
 21461 | Lair:6   | Entered Level 6 of the Lair of Beasts
 21494 | Lair:6   | Reached skill level 10 in Dodging
 22360 | Lair:6   | Reached skill level 10 in Stealth
 22430 | Lair:6   | Found a viscous altar of Jiyva.
 22430 | Lair:6   | Found a staircase to the Slime Pits.
 22944 | Lair:6   | Reached skill level 10 in Invocations
 23414 | Lair:6   | Identified the Almanac of Calling
 24118 | D:13     | Found Gejoun's Food Shoppe.
 24427 | D:13     | Found Teicot's Antique Weapon Boutique.
 24476 | D:13     | Found Galuh Iro's Magic Scroll Boutique.
 24617 | D:13     | Bought a scroll of teleportation for 39 gold pieces
 24821 | D:13     | Reached XP level 15. HP: 114/114 MP: 29/29
 24902 | D:13     | Found Cemmepu's Food Boutique.
 25379 | D:13     | Offered knowledge of Freezing Cloud by Vehumet.
 25786 | D:13     | You fall into a shaft and drop 2 floors!
 25786 | D:15     | Entered Level 15 of the Dungeon
 25986 | D:15     | Found a staircase to the Depths.
 26040 | D:15     | Reached skill level 10 in Fighting
 26040 | D:15     | Reached skill level 10 in Short Blades
 26040 | D:15     | Reached skill level 10 in Long Blades
 26040 | D:15     | Reached skill level 10 in Axes
 26040 | D:15     | Reached skill level 10 in Maces & Flails
 26040 | D:15     | Reached skill level 10 in Polearms
 26040 | D:15     | Reached skill level 10 in Staves
 26040 | D:15     | Reached skill level 10 in Slings
 26040 | D:15     | Reached skill level 10 in Bows
 26040 | D:15     | Reached skill level 10 in Crossbows
 26040 | D:15     | Reached skill level 10 in Throwing
 26040 | D:15     | Reached skill level 10 in Armour
 26040 | D:15     | Reached skill level 10 in Shields
 26040 | D:15     | Reached skill level 10 in Unarmed Combat
 26040 | D:15     | Reached skill level 10 in Evocations
 26046 | D:15     | Learned a level 4 spell: Hailstorm
 26524 | D:14     | Reached skill level 11 in Invocations
 26562 | D:14     | Found Detatz's Magic Scroll Boutique.
 26706 | D:13     | Found a gate to the Vaults.
 26958 | D:14     | Noticed Azrael
 26984 | D:14     | Killed Azrael
 27455 | D:14     | Offered knowledge of Fireball by Vehumet.
 27467 | D:14     | Reached XP level 16. HP: 122/122 MP: 31/31
 27480 | D:14     | Bought a scroll of teleportation for 45 gold pieces
 27480 | D:14     | Bought a scroll of blinking for 112 gold pieces
 27480 | D:14     | Bought a scroll of fear for 52 gold pieces
 27480 | D:14     | Bought a scroll of fear for 52 gold pieces
 28646 | D:15     | Found a white marble altar of Elyvilon.
 28946 | Orc:1    | Entered Level 1 of the Orcish Mines
 29532 | Orc:1    | Found Vuvveil's Antique Armour Boutique.
 29868 | Orc:2    | Entered Level 2 of the Orcish Mines
 29914 | Orc:2    | Offered knowledge of Starburst by Vehumet.
 30090 | Orc:2    | Found a runed translucent gate.
 30090 | Orc:2    | Found a runed translucent gate.
 30090 | Orc:2    | Found a runed translucent gate.
 30092 | Orc:2    | Noticed windycow's ghost (adept GrFi)
 30311 | Orc:2    | Found a staircase to the Elven Halls.
 30477 | Orc:2    | Found a roughly hewn altar of Beogh.
 30569 | Orc:2    | Found a roughly hewn altar of Beogh.
 30597 | Orc:2    | Found Reoriyho's Antique Weapon Emporium.
 30853 | Orc:2    | Reached ****** piety under Vehumet
 31090 | Orc:2    | Found Axtoloawn's Antique Armour Emporium.
 31090 | Orc:2    | Found a roughly hewn altar of Beogh.
 31098 | Orc:2    | Found Orocleqy's Antique Weapon Shoppe.
 31130 | Orc:2    | Bought a shimmering cloak for 266 gold pieces
 31140 | Orc:2    | Identified the cursed +0 cloak "Hywahoog" {rPois rF+ Str+4
                  | Int-5} (You bought it in a shop on level 2 of the Orcish
                  | Mines)
 31345 | Orc:2    | Found a roughly hewn altar of Beogh.
 31409 | Orc:2    | Found a roughly hewn altar of Beogh.
 31409 | Orc:2    | Found Hageluew's Weapon Boutique.
 31414 | Orc:2    | Offered knowledge of Irradiate by Vehumet.
 31583 | Orc:2    | Found a roughly hewn altar of Beogh.
 31656 | Orc:1    | Noticed Erica
 31667 | Orc:1    | Killed Erica
 31930 | Spider:1 | Entered Level 1 of the Spider Nest
 34373 | Spider:1 | Learned a level 5 spell: Irradiate
 34382 | Spider:2 | Reached XP level 17. HP: 124/131 MP: 33/33
 34442 | Spider:2 | Offered knowledge of Lehudib's Crystal Spear by Vehumet.
 34657 | Spider:2 | Reached skill level 12 in Invocations
 35309 | Spider:2 | Noticed Arachne
 35309 | Spider:2 | Noticed Agnes
 35325 | Spider:2 | Killed Agnes
 35474 | Spider:2 | Killed Arachne
 36196 | Spider:3 | Noticed Donald
 36218 | Spider:2 | Killed Donald
 36511 | Spider:3 | Learned a level 8 spell: Lehudib's Crystal Spear
 36519 | Spider:3 | Learned a level 6 spell: Iron Shot
 36543 | Spider:3 | Noticed Asterion
 36566 | Spider:3 | Killed Asterion
 36909 | Spider:3 | Offered knowledge of Shatter by Vehumet.
 36909 | Spider:3 | Offered knowledge of Tornado by Vehumet.
 36909 | Spider:3 | Offered knowledge of Absolute Zero by Vehumet.
 38284 | Spider:4 | Entered Level 4 of the Spider Nest
 39349 | Spider:4 | Reached skill level 10 in Conjurations
 39349 | Spider:4 | Reached skill level 10 in Hexes
 39349 | Spider:4 | Reached skill level 10 in Charms
 39349 | Spider:4 | Reached skill level 10 in Summonings
 39349 | Spider:4 | Reached skill level 10 in Necromancy
 39349 | Spider:4 | Reached skill level 10 in Translocations
 39349 | Spider:4 | Reached skill level 10 in Transmutations
 39349 | Spider:4 | Reached skill level 10 in Fire Magic
 39349 | Spider:4 | Reached skill level 10 in Air Magic
 39349 | Spider:4 | Reached skill level 10 in Earth Magic
 39349 | Spider:4 | Reached skill level 10 in Poison Magic
 39533 | Spider:4 | Reached XP level 18. HP: 112/139 MP: 34/34
 40932 | Spider:4 | Got a gossamer rune of Zot
 41213 | Shoals:1 | Entered Level 1 of the Shoals
 42146 | Shoals:1 | Found a transporter.
 42146 | Shoals:1 | Found a transporter.
 42263 | Shoals:1 | Reached skill level 13 in Invocations
 44507 | Shoals:3 | Noticed Jorgrun
 44524 | Shoals:3 | Killed Jorgrun
 44589 | Shoals:2 | Gained mutation: You are partially covered in rugged brown
                  | scales. (AC +1, +3% HP) [mutagenic glow]
 44621 | Shoals:2 | Gained mutation: You are mostly covered in rugged brown
                  | scales. (AC +2, +5% HP) [mutagenic glow]
 45101 | Shoals:3 | Found Lolevvor's Distillery.
 45114 | Shoals:3 | Reached XP level 19. HP: 139/154 MP: 31/36
 46267 | Shoals:4 | Entered Level 4 of the Shoals
 46529 | Shoals:4 | Learned a level 5 spell: Borgnjor's Vile Clutch
 47383 | Shoals:4 | Got a barnacled rune of Zot
 47809 | Shoals:4 | Found the +8 lance "Wyrmbane" {slay drac, rPois rF+ rC+
                  | AC+3}
 48149 | D:13     | Bought 2 scrolls of acquirement for 1352 gold pieces
 48189 | Vaults:1 | Entered Level 1 of the Vaults
 49517 | Vaults:1 | Reached XP level 20. HP: 162/162 MP: 37/37
 49544 | Vaults:1 | Reached skill level 14 in Invocations
 51081 | Vaults:2 | Paralysed by an ogre mage for 7 turns
 52146 | Vaults:2 | Found a staircase to the Crypt.
 53061 | Vaults:3 | Reached XP level 21. HP: 150/171 MP: 39/39
 55276 | Vaults:4 | Noticed a golden dragon
 55359 | Vaults:4 | Killed a golden dragon
 55359 | Vaults:4 | Reached skill level 15 in Invocations
 55711 | Vaults:5 | Entered Level 5 of the Vaults
 56036 | Elf:1    | Entered Level 1 of the Elven Halls
 56054 | Elf:1    | Found a radiant altar of Vehumet.
 57401 | Elf:2    | Upgraded the game from 0.25.0-1-g7eea58d2a3 to
                  | 0.25.0-3-gd7cc5688da
 57420 | Elf:2    | Reached XP level 22. HP: 167/180 MP: 30/40
 57642 | Elf:2    | Found an ancient bone altar of Kikubaaqudgha.
 58006 | Elf:2    | Found Bosiq's Gadget Boutique.
 58148 | Elf:2    | Found a huge runed translucent gate.
 58148 | Elf:2    | Found a huge runed translucent gate.
 58148 | Elf:2    | Found a huge runed translucent gate.
 58148 | Elf:2    | Found a huge runed translucent gate.
 58148 | Elf:2    | Found a huge runed translucent gate.
 58191 | Elf:2    | Reached skill level 15 in Spellcasting
 59228 | Elf:3    | Entered Level 3 of the Elven Halls
 59259 | Elf:3    | Reached skill level 15 in Dodging
 59874 | Elf:3    | Reached skill level 15 in Stealth
 60107 | Elf:3    | Identified the +9 falchion "Giasagug" {vorpal, rF+ Str+6
                  | Stlth+}
 60368 | Elf:3    | Identified the amulet "Xutuf" {Spirit *Drain rElec Str+3
                  | Int+4} (You found it on level 3 of the Elven Halls)
 60931 | Elf:3    | Identified Fuxtoppo's Handbook of Quantum Earth
 60953 | Elf:3    | Identified the Almanac of the Mountains and Venom
 61038 | Elf:3    | Reached XP level 23. HP: 175/187 MP: 42/42
 61743 | Depths:1 | Entered Level 1 of the Depths
 61773 | Depths:1 | Found Onaiwnym's Food Shoppe.
 62055 | Depths:1 | Found a corrupted altar of Lugonu.
 62055 | Depths:1 | Found a one-way gate to the infinite horrors of the Abyss.
 62554 | Depths:1 | Reached skill level 16 in Invocations
 62825 | Depths:1 | Found a gateway to Hell.
 62995 | Depths:1 | Found a sparkling altar of Nemelex Xobeh.
 63582 | Depths:2 | Got a flickering platinum amulet
 63583 | Depths:2 | Identified the amulet "Fuomok" {Inacc *Contam Str-3 Int+8
                  | SInv} (You found it on level 2 of the Depths)
 63911 | Depths:2 | Found Zuimicicy's Antique Weapon Emporium.
 63938 | Depths:2 | Found Voceuq's Weapon Shoppe.
 64226 | Depths:2 | Reached skill level 15 in Fighting
 64226 | Depths:2 | Reached skill level 15 in Short Blades
 64226 | Depths:2 | Reached skill level 15 in Long Blades
 64226 | Depths:2 | Reached skill level 15 in Axes
 64226 | Depths:2 | Reached skill level 15 in Maces & Flails
 64226 | Depths:2 | Reached skill level 15 in Polearms
 64226 | Depths:2 | Reached skill level 15 in Staves
 64226 | Depths:2 | Reached skill level 15 in Slings
 64226 | Depths:2 | Reached skill level 15 in Bows
 64226 | Depths:2 | Reached skill level 15 in Crossbows
 64226 | Depths:2 | Reached skill level 15 in Throwing
 64226 | Depths:2 | Reached skill level 15 in Armour
 64226 | Depths:2 | Reached skill level 15 in Shields
 64226 | Depths:2 | Reached skill level 15 in Unarmed Combat
 64226 | Depths:2 | Reached skill level 15 in Evocations
 64307 | Depths:2 | Found a gateway to a ziggurat.
 65025 | Depths:2 | Noticed a golden dragon
 65045 | Depths:2 | Killed a golden dragon
 65061 | Depths:2 | Noticed a caustic shrike
 65077 | Depths:2 | Killed a caustic shrike
 65125 | Depths:2 | Noticed a golden dragon
 65237 | Depths:2 | Killed a golden dragon
 65482 | Depths:3 | Noticed Mennas
 65515 | Depths:3 | Killed Mennas
 65717 | Depths:3 | Noticed Saint Roka
 65719 | Depths:3 | Found a one-way gate leading to the halls of Pandemonium.
 65742 | Depths:3 | Killed Saint Roka
 65742 | Depths:3 | Reached XP level 24. HP: 123/198 MP: 38/42
 66063 | Depths:3 | Noticed Xtahua
 66073 | Depths:3 | Killed Xtahua
 67034 | Depths:3 | Noticed Boris
 67060 | Depths:3 | Killed Boris
 67709 | Depths:4 | Noticed Frederick
 67734 | Depths:4 | Killed Frederick
 68005 | Depths:4 | Noticed Louise
 68025 | Depths:4 | Killed Louise
 68094 | Depths:4 | Identified the Volume of the Volcanoes and Evil
 68450 | Depths:4 | Found Wogrehy's Armour Shop.
 69089 | Depths:5 | Entered Level 5 of the Depths
 69103 | Depths:5 | Found a flickering gateway to a bazaar.
 69108 | Bazaar   | Entered a bazaar
 69108 | Bazaar   | Found Xodud's Gadget Shoppe.
 69130 | Bazaar   | Found Fosteoc's Magic Scroll Emporium.
 69139 | Bazaar   | Bought a scroll of teleportation for 42 gold pieces
 69139 | Bazaar   | Bought a scroll of enchant armour for 105 gold pieces
 69140 | Bazaar   | Found Geyps's Armour Shop.
 69167 | Bazaar   | Found Beics's Weapon Emporium.
 69174 | Bazaar   | Found Fiduifiw's General Store.
 69182 | Bazaar   | Bought a scroll of blinking for 105 gold pieces
 69182 | Bazaar   | Bought a scroll of enchant armour for 105 gold pieces
 69182 | Bazaar   | Bought a potion of might for 56 gold pieces
 69204 | Bazaar   | Bought a wand of clouds (4) for 264 gold pieces
 69204 | Bazaar   | Bought a box of beasts for 220 gold pieces
 70241 | Depths:5 | Reached skill level 17 in Invocations
 70309 | Depths:5 | Reached skill level 15 in Ice Magic
 70359 | Depths:5 | Reached XP level 25. HP: 147/206 MP: 43/43
 70807 | Depths:5 | Found a gate to the Realm of Zot.
 70914 | Depths:5 | Identified the +6 dagger of Growth {flame, Str+3 Int-5
                  | Dex+3}
 72068 | Vaults:4 | Learned a level 6 spell: Statue Form
 72837 | Vaults:5 | Identified the ring "Ycwieh" {Ice Str+2}
 73307 | Vaults:5 | Got a silver rune of Zot
 73858 | Vaults:5 | Identified the Disquisition on Toxic Fire
 73997 | Vaults:5 | Reached XP level 26. HP: 205/216 MP: 44/44
 74016 | Vaults:5 | Reached skill level 18 in Invocations
 74030 | Vaults:5 | Identified the +9 shortbow of Makhleb's Approval {flame,
                  | *Corrode rC+ rN+}
 74202 | Vaults:5 | Identified the +11 hand crossbow "Umefumea" {flame, Fragile
                  | +Inv Str+5 Dex+3}
 74623 | Vaults:5 | Got a flickering lead amulet
 74624 | Vaults:5 | Identified the amulet "Vatamopo" {Inacc +Inv +Fly rF-
                  | Stlth+} (You found it on level 5 of the Vaults)
 74833 | Vaults:5 | Identified the +5 halberd of the Original Sin {speed, MR++
                  | Int+4}
 75806 | Orc:2    | Killed windycow's ghost
 76721 | Slime:1  | Entered Level 1 of the Pits of Slime
 77134 | Slime:3  | Gained mutation: You tend to lose your temper in combat. [a
                  | shining eye]
 77139 | Slime:3  | Gained mutation: Your magical capacity is low. (-10% MP) [a
                  | shining eye]
 77146 | Slime:3  | Lost mutation: Your magical capacity is low. (-10% MP)
                  | [potion of mutation]
 77146 | Slime:3  | Lost mutation: You tend to lose your temper in combat.
                  | [potion of mutation]
 77146 | Slime:3  | Lost mutation: You are mostly covered in rugged brown
                  | scales. (AC +2, +5% HP) [potion of mutation]
 77146 | Slime:3  | Gained mutation: You are resistant to hostile enchantments.
                  | (MR+) [potion of mutation]
 77146 | Slime:3  | Gained mutation: Your body sometimes deteriorates upon
                  | taking damage. [potion of mutation]
 77146 | Slime:3  | Gained mutation: You possess an exceptional clarity of
                  | mind. [potion of mutation]
 77377 | Slime:5  | Entered Level 5 of the Pits of Slime
 77544 | Slime:5  | Noticed the Royal Jelly
 77547 | Slime:5  | Found a viscous altar of Jiyva.
 78621 | Slime:5  | Killed the Royal Jelly
 78643 | Slime:3  | Gained mutation: You do not regenerate when monsters are
                  | visible. [mutagenic glow]
 79474 | Slime:5  | Found the +11 plutonium sword {*Contam Stlth-}
 79489 | Slime:5  | Reached skill level 19 in Invocations
 79612 | Slime:5  | Got a fine steel ring
 79613 | Slime:5  | Identified the ring "Wirriet" {rF+ Str+6 Dex+2} (You found
                  | it on level 5 of the Pits of Slime)
 79638 | Slime:5  | Got a slimy rune of Zot
 79696 | Slime:5  | Gained mutation: You are frail. (-10% HP) [a shining eye]
 79960 | Slime:4  | Lost mutation: You are resistant to hostile enchantments.
                  | (MR+) [potion of mutation]
 79960 | Slime:4  | Lost mutation: You are frail. (-10% HP) [potion of
                  | mutation]
 79960 | Slime:4  | Lost mutation: Your body sometimes deteriorates upon taking
                  | damage. [potion of mutation]
 79960 | Slime:4  | Lost mutation: You do not regenerate when monsters are
                  | visible. [potion of mutation]
 79960 | Slime:4  | Gained mutation: You occasionally shout uncontrollably at
                  | your foes. [potion of mutation]
 79960 | Slime:4  | Gained mutation: Your muscles are strong. (Str +2) [potion
                  | of mutation]
 79960 | Slime:4  | Gained mutation: Your system is resistant to poisons.
                  | (rPois) [potion of mutation]
 79960 | Slime:4  | Gained mutation: You are partially covered in yellow
                  | scales. (AC +2) [potion of mutation]
 79961 | Slime:4  | Lost mutation: You possess an exceptional clarity of mind.
                  | [potion of mutation]
 79961 | Slime:4  | Lost mutation: You are partially covered in yellow scales.
                  | (AC +2) [potion of mutation]
 79961 | Slime:4  | Lost mutation: Your muscles are strong. (Str +2) [potion of
                  | mutation]
 79961 | Slime:4  | Lost mutation: You occasionally shout uncontrollably at
                  | your foes. [potion of mutation]
 79961 | Slime:4  | Gained mutation: Your body sometimes deteriorates upon
                  | taking damage. [potion of mutation]
 79961 | Slime:4  | Gained mutation: You are partially covered in iridescent
                  | scales. (AC +2) [potion of mutation]
 79962 | Slime:4  | Lost mutation: Your body sometimes deteriorates upon taking
                  | damage. [potion of mutation]
 79962 | Slime:4  | Lost mutation: Your system is resistant to poisons. (rPois)
                  | [potion of mutation]
 79962 | Slime:4  | Gained mutation: Your mind is acute. (Int +2) [potion of
                  | mutation]
 79962 | Slime:4  | Gained mutation: Your magical capacity is low. (-10% MP)
                  | [potion of mutation]
 79962 | Slime:4  | Gained mutation: You have a pair of small antennae on your
                  | head. [potion of mutation]
 79963 | Slime:4  | Lost mutation: Your magical capacity is low. (-10% MP)
                  | [potion of mutation]
 79963 | Slime:4  | Lost mutation: Your mind is acute. (Int +2) [potion of
                  | mutation]
 79963 | Slime:4  | Gained mutation: You possess an exceptional clarity of
                  | mind. [potion of mutation]
 79963 | Slime:4  | Gained mutation: Your muscles are strong. (Str +2) [potion
                  | of mutation]
 79964 | Slime:4  | Lost mutation: Your muscles are strong. (Str +2) [potion of
                  | mutation]
 79964 | Slime:4  | Lost mutation: You are partially covered in rugged brown
                  | scales. (AC +1, +3% HP) [potion of mutation]
 79964 | Slime:4  | Gained mutation: You expend magic power (3 MP) to
                  | strengthen your wands. [potion of mutation]
 79964 | Slime:4  | Gained mutation: You are weak. (Str -2) [potion of
                  | mutation]
 79964 | Slime:4  | Gained mutation: You can translocate small distances at
                  | will. [potion of mutation]
 79965 | Slime:4  | Lost mutation: You possess an exceptional clarity of mind.
                  | [potion of mutation]
 79965 | Slime:4  | Lost mutation: You can translocate small distances at will.
                  | [potion of mutation]
 79965 | Slime:4  | Lost mutation: You are weak. (Str -2) [potion of mutation]
 79965 | Slime:4  | Gained mutation: Your flesh is cold resistant. (rC+)
                  | [potion of mutation]
 79966 | Slime:4  | Lost mutation: You have a pair of small antennae on your
                  | head. [potion of mutation]
 79966 | Slime:4  | Lost mutation: You expend magic power (3 MP) to strengthen
                  | your wands. [potion of mutation]
 79966 | Slime:4  | Lost mutation: Your flesh is cold resistant. (rC+) [potion
                  | of mutation]
 79966 | Slime:4  | Lost mutation: You are partially covered in iridescent
                  | scales. (AC +2) [potion of mutation]
 79966 | Slime:4  | Gained mutation: Your mind is acute. (Int +2) [potion of
                  | mutation]
 79966 | Slime:4  | Gained mutation: Your muscles are strong. (Str +2) [potion
                  | of mutation]
 79966 | Slime:4  | Gained mutation: Your flesh is cold resistant. (rC+)
                  | [potion of mutation]
 79967 | Slime:4  | Lost mutation: Your flesh is cold resistant. (rC+) [potion
                  | of mutation]
 79967 | Slime:4  | Lost mutation: Your mind is acute. (Int +2) [potion of
                  | mutation]
 79967 | Slime:4  | Gained mutation: You can translocate small distances at
                  | will. [potion of mutation]
 79967 | Slime:4  | Gained mutation: You have large cloven feet. [potion of
                  | mutation]
 79968 | Slime:4  | Lost mutation: Your muscles are strong. (Str +2) [potion of
                  | mutation]
 79968 | Slime:4  | Lost mutation: You have large cloven feet. [potion of
                  | mutation]
 79968 | Slime:4  | Gained mutation: You occasionally shout uncontrollably at
                  | your foes. [potion of mutation]
 79968 | Slime:4  | Gained mutation: Your magical capacity is low. (-10% MP)
                  | [potion of mutation]
 79968 | Slime:4  | Gained mutation: You are clumsy. (Dex -2) [potion of
                  | mutation]
 79968 | Slime:4  | Gained mutation: You are resistant to electric shocks.
                  | (rElec) [potion of mutation]
 79969 | Slime:4  | Lost mutation: You are resistant to electric shocks.
                  | (rElec) [potion of mutation]
 79969 | Slime:4  | Lost mutation: You are clumsy. (Dex -2) [potion of
                  | mutation]
 79969 | Slime:4  | Lost mutation: Your magical capacity is low. (-10% MP)
                  | [potion of mutation]
 79969 | Slime:4  | Lost mutation: You can translocate small distances at will.
                  | [potion of mutation]
 79969 | Slime:4  | Gained mutation: You are dopey. (Int -2) [potion of
                  | mutation]
 79969 | Slime:4  | Gained mutation: You passively map a small area around you.
                  | [potion of mutation]
 79969 | Slime:4  | Gained mutation: You have a pair of small antennae on your
                  | head. [potion of mutation]
 79969 | Slime:4  | Lost mutation: You are dopey. (Int -2) [potion of mutation]
 80305 | Temple   | Fell from the grace of Vehumet
 80305 | Temple   | Became a worshipper of Zin the Law-Giver
 80305 | Temple   | Reached * piety under Zin
 80305 | Temple   | Reached ** piety under Zin
 80306 | Temple   | Donated 2298 gold pieces to Zin
 80325 | D:6      | Reached *** piety under Zin
 80447 | D:11     | Reached **** piety under Zin
 80535 | Vaults:2 | Reached ***** piety under Zin
 80562 | Crypt:1  | Entered Level 1 of the Crypt
 81150 | Vaults:1 | Donated 1149 gold pieces to Zin
 81287 | Depths:1 | Reached ****** piety under Zin
 81422 | Zot:1    | Entered Level 1 of the Realm of Zot
 82208 | Temple   | Fell from the grace of Zin
 82208 | Temple   | Became a worshipper of Uskayaw the Reveler
 82599 | Zot:1    | Reached * piety under Uskayaw
 82602 | Zot:1    | Reached ** piety under Uskayaw
 82603 | Zot:1    | Reached XP level 27. HP: 195/213 MP: 45/45
 82608 | Zot:1    | Reached *** piety under Uskayaw
 82611 | Zot:1    | Reached **** piety under Uskayaw
 82614 | Zot:1    | Reached ***** piety under Uskayaw
 82641 | Zot:1    | Reached ****** piety under Uskayaw
 83190 | Zot:1    | Found a basalt altar of Yredelemnul.
 84580 | Zot:1    | Identified Heunn's Incunabulum of the Zealot
 84619 | Zot:1    | Identified the Catalogue of Fire and Brimstone
 85219 | Zot:2    | Reached skill level 15 in Conjurations
 85219 | Zot:2    | Reached skill level 15 in Hexes
 85219 | Zot:2    | Reached skill level 15 in Charms
 85219 | Zot:2    | Reached skill level 15 in Summonings
 85219 | Zot:2    | Reached skill level 15 in Necromancy
 85219 | Zot:2    | Reached skill level 15 in Translocations
 85219 | Zot:2    | Reached skill level 15 in Transmutations
 85219 | Zot:2    | Reached skill level 15 in Fire Magic
 85219 | Zot:2    | Reached skill level 15 in Air Magic
 85219 | Zot:2    | Reached skill level 15 in Earth Magic
 85219 | Zot:2    | Reached skill level 15 in Poison Magic
 85862 | Zot:2    | Reached skill level 20 in Invocations
 86546 | Zot:2    | Found a runed translucent gate.
 86546 | Zot:2    | Found a runed translucent gate.
 86546 | Zot:2    | Found a runed translucent gate.
 86547 | Zot:2    | Noticed Alunk's ghost (legendary GnFi)
 86694 | Zot:2    | Killed Alunk's ghost
 86842 | Zot:3    | You fall into a shaft and drop 1 floor!
 87066 | Zot:3    | You fall into a shaft and drop 1 floor!
 87258 | Zot:4    | Killed by a great blast of fire

Illustrated notes

Levels and vault maps discovered:
D:1:      psy_arrival_conway, layout_basic
D:2:      layout_loops_ring, grunt_gozag_statues
D:3:      kennysheep_the_goblin_king, layout_loops_corners,
          yredelemnul_altar_generic
D:4:      layout_gridville, minitemple, first_ration, minmay_box_of_dots
D:5:      layout_loops_cross, uniq_blork_the_orc
D:6:      layout_rooms, minmay_temple_entry_junction, serial_shops,
          nicolae_shop_trees, cheibrodos_sewer_entry_bend,
          uniq_crazy_yiuf_cottage
D:7:      layout_rooms, kennysheep_mini_moat, serial_glass, glass_columns_a,
          glass_columns_a, feat_on_display, basic_altar, grunt_livestock
D:8:      layout_basic, lemuel_doored_altar, minmay_small_thing, uniq_maggie
D:9:      layout_loops_corners, serial_bayou, serial_bayou_crossing,
          serial_bayou_pond_b, serial_bayou_pond_b, serial_bayou_lake_a,
          serial_bayou_shore_b, uniq_harold
D:10:     minmay_shrinking_squares, layout_rooms, uniq_joseph, uniq_nergalle,
          uniq_josephine
D:11:     layout_long_grid, dpeg_oklobed_lair, serial_shops, shop,
          minmay_starry_boxes, uniq_sonja
D:12:     layout_loops_ring, david_orc_4, enter_trove_1
D:13:     layout_irregular_city, grunt_vaults_entry_tiered, serial_shops,
          nicolae_shop_stone, shop_fountains, shop, nicolae_shop_stone,
          hangedman_aviary
D:14:     layout_cave_pods, serial_shops, nicolae_shop_waterfront,
          chequers_avenue, chequers_serial_rivers_small_3, uniq_azrael
D:15:     hangedman_depths_entry_civil_slaughter, layout_loops_corners,
          elyvilon_altar_4, nrook_guardian_serpent_ordinary
Temple:   lightli_temple_of_artemis
Lair:1:   layout_gridlike, minivault_25, uniq_fannar
Lair:2:   layout_cave_pods, nicolae_spider_entry_non_spiders, basic_altar
Lair:3:   layout_cave_pods, lemuel_fruit_fields, grunt_megastairs_1
Lair:4:   layout_hall_layers, shoals_dummy_entry, gauntlet_entry_generic,
          kennysheep_rathole, grunt_megastairs_3
Lair:5:   layout_regular_city, grunt_megastairs_4, lemuel_fruit_tree,
          serial_bayou_shore_b, serial_bayou_shore_a, lemuel_fruit_fields
Lair:6:   grunt_lair_end_beastmaster, layout_gridlike, slime_altar_1
Shoals:1: gammafunk_the_bubble [the_bubble_gammafunk_plus_minus], layout_shoals
Shoals:2: layout_shoals
Shoals:3: layout_shoals, serial_shops, shop, uniq_jorgrun
Shoals:4: shoals_end_simple, layout_shoals, ldierk_geyser
Spider:1: layout_chambers
Spider:2: layout_spider_delve, uniq_agnes, uniq_arachne
Spider:3: cheibrodos_forgotten_conduit, nicolae_spider_cling_halls,
          uniq_asterion, uniq_donald
Spider:4: grunt_spider_rune_parallel
Slime:1:  layout_caves
Slime:2:  layout_caves
Slime:3:  layout_caves, nicolae_slime_phagocytosis
Slime:4:  layout_caves
Slime:5
Orc:1:    nicolae_orc_accident_1, layout_diamond_mine, serial_shops, shop,
          uniq_erica
Orc:2:    grunt_orc_community_town_hall, layout_caves,
          grunt_orc_community_big_house_1, grunt_orc_community_big_house_2,
          grunt_orc_community_house_2, grunt_orc_community_house_1,
          grunt_orc_community_house_3, grunt_orc_community_house_2,
          grunt_orc_community_house_2, grunt_orc_community_house_1,
          maelrawn_ghost_gauntlet_escape, guppyfry_library_mini
Elf:1:    eino_elf_arrival_altar, layout_loops_corners, hangedman_elf_represent,
          billiards_dpeg
Elf:2:    layout_onion_city, basic_altar, serial_shops,
          nicolae_shop_behind_doors
Elf:3:    grunt_elf_hall_spiral, layout_loops_ring, special_room
          [special_room_orc]
Vaults:1: vaults_mumra_chevron, vaults_room_pools, v_alt_pattern_6, v_pattern_5,
          v_misc_28, vaults_room_octagon, nicolae_vaults_border_crossing,
          vaults_dpeg_cross, nicolae_vaults_little_squares_1,
          vaults_mumra_minichess, grunt_vaults_swirl, vaults_room_semicircle,
          layout_vaults_maze_bifur
Vaults:2: hangedman_vaults_stagger, st_cross, vaults_room_boxed,
          ontoclasm_vaults_loading_screen, vaults_room_ringed_pool,
          ontoclasm_vaults_hangar, hangedman_vaults_trim,
          minmay_crypt_entry_skeletal_spiral, v_misc_13,
          dpeg_vaults_monster_box, v_pattern_3, v_misc_13, vaults_room_pool,
          layout_vaults_big_room
Vaults:3: nicolae_vaults_lopsided_apartments, v_pattern_1, v_misc_3,
          hangedman_vaults_impose, nicolae_vaults_inception_scallops,
          vaults_room_fancy_cross, ontoclasm_vaults_ring_large,
          vaults_dpeg_encased_lava, nicolae_vaults_ring_of_whatevers,
          layout_vaults_ring
Vaults:4: v_misc_25, nicolae_vaults_stairing_the_circle, v_misc_29,
          hangedman_vaults_nails, grunt_vaults_hallway_short,
          nicolae_vaults_triangles, v_misc_15, ontoclasm_vaults_ring_large,
          ontoclasm_vaults_gallery, vaults_room_corners, v_misc_4,
          nicolae_vaults_little_squares_4, v_misc_14, ontoclasm_vaults_shuriken,
          layout_vaults_omnibox
Vaults:5: uniq_margery
Crypt:1:  layout_catacombs
Depths:1: layout_roguey, serial_shops, kennysheep_little_box,
          abyss_entry_flame_altar, hell_entry, chequers_decorated_corner,
          nemelex_altar_shiori, grunt_megastairs_5
Depths:2: kennysheep_large_spiral, layout_basic, enter_ziggurat_f, hell_entry,
          dk_noncrumbling_4, corexii_leaking_fountain, serial_bayou_shore_b,
          minmay_staircase_bubble, minmay_shoptagon
Depths:3: minmay_angry_zag, layout_gridlike, minmay_misc_feat_columns,
          rand_demon_pan_entry_7, pf_coc_iceberg, uniq_xtahua, uniq_boris,
          uniq_mennas, uniq_saint_roka
Depths:4: minmay_haunted_quarter, layout_cave_pools, grunt_mini_vestibule,
          serial_shops, shop, nicolae_abyss_entry_one_way_or_another,
          infiniplex_staircase_zigzag_5, uniq_frederick
Depths:5: lemuel_castle_with_subvaults [lemuel_castle_interior_carwin_1],
          layout_small_grid, minmay_misc_feat_tiny, serial_shops, freezing_bzr,
          pf_hell_entry_tar_river
Zot:1:    nicolae_zot_draconian_monastery, layout_misc_corridors
Zot:2:    layout_cellular_growth, ebering_ghost_rock_garden,
          hangedman_zot_wheel_spokes, bh_zot_lava_cross
Zot:3:    layout_onion_interference
Zot:4:    hangedman_orp_of_zott, layout_misc_corridors

Skill      XL: |  1  2  3  4  5  6  7  8  9 10 11 12 13 14 15 16 17 18 19 20 21 22 23 24 25 26 27 |
---------------+----------------------------------------------------------------------------------+-----
Spellcasting   | 5 6 7 8 9 10 11 12 13 14 15 16 17 18 19 | 19.7
Invocations    | 1 2 3 4 5 6 7 8 9 10 11 12 13 14 15 16 17 19 20 | 20.4
Fighting       | 1 2 3 4 5 6 7 8 9 10 11 12 13 14 15 16 17 | 17.6
Short Blades   | 1 2 3 4 5 6 7 8 9 10 11 12 13 14 15 16 17 | 17.6
Long Blades    | 1 2 3 4 5 6 7 8 9 10 11 12 13 14 15 16 17 | 17.6
Axes           | 1 2 3 4 5 6 7 8 9 10 11 12 13 14 15 16 17 | 17.6
Maces & Flails | 1 2 3 4 5 6 7 8 9 10 11 12 13 14 15 16 17 | 17.6
Polearms       | 1 2 3 4 5 6 7 8 9 10 11 12 13 14 15 16 17 | 17.6
Staves         | 1 2 3 4 5 6 7 8 9 10 11 12 13 14 15 16 17 | 17.6
Slings         | 1 2 3 4 5 6 7 8 9 10 11 12 13 14 15 16 17 | 17.6
Bows           | 1 2 3 4 5 6 7 8 9 10 11 12 13 14 15 16 17 | 17.6
Crossbows      | 1 2 3 4 5 6 7 8 9 10 11 12 13 14 15 16 17 | 17.6
Throwing       | 1 2 3 4 5 6 7 8 9 10 11 12 13 14 15 16 17 | 17.6
Armour         | 1 2 3 4 5 6 7 8 9 10 11 12 13 14 15 16 17 | 17.6
Shields        | 1 2 3 4 5 6 7 8 9 10 11 12 13 14 15 16 17 | 17.6
Unarmed Combat | 1 2 3 4 5 6 7 8 9 10 11 12 13 14 15 16 17 18 | 18.7
Evocations     | 1 2 3 4 5 6 7 8 9 10 11 12 13 14 15 16 17 | 17.6
Conjurations   | 1 2 3 4 5 6 7 8 9 10 11 12 13 14 15 | 15.2
Hexes          | 1 2 3 4 5 6 7 8 9 10 11 12 13 14 15 | 15.2
Charms         | 1 2 3 4 5 6 7 8 9 10 11 12 13 14 15 | 15.2
Summonings     | 1 2 3 4 5 6 7 8 9 10 11 12 13 14 15 | 15.2
Necromancy     | 1 2 3 4 5 6 7 8 9 10 11 12 13 14 15 | 15.2
Translocations | 1 2 3 4 5 6 7 8 9 10 11 12 13 14 15 | 15.2
Transmutations | 1 2 3 4 5 6 7 8 9 10 11 12 13 14 15 | 15.2
Fire Magic     | 1 2 3 4 5 6 7 8 9 10 11 12 13 14 15 | 15.2
Air Magic      | 1 2 3 4 5 6 7 8 9 10 11 12 13 14 15 | 15.2
Earth Magic    | 1 2 3 4 5 6 7 8 9 10 11 12 13 14 15 | 15.2
Poison Magic   | 1 2 3 4 5 6 7 8 9 10 11 12 13 14 15 | 15.2
Dodging        | 5 6 7 8 9 10 11 12 13 14 15 16 17 18 | 18.1
Stealth        | 5 6 7 8 9 10 11 12 13 14 15 16 17 18 | 18.0
Ice Magic      | 8 9 10 11 12 13 14 15 16 | 16.4

Action                   |  1- 3 |  4- 6 |  7- 9 | 10-12 | 13-15 | 16-18 | 19-21 | 22-24 | 25-27 || total
-------------------------+-------+-------+-------+-------+-------+-------+-------+-------+-------++-------
Melee: Whip              |     7 |       |       |       |       |       |       |       |       ||     7
       Bite              |     1 |     5 |    12 |    42 |    91 |   153 |   188 |   167 |   258 ||   917
       Dagger            |       |    37 |       |       |       |       |       |       |       ||    37
       Rapier            |       |    13 |   134 |   284 |       |       |       |       |       ||   431
       Punch             |       |     1 |     2 |     7 |       |       |       |       |       ||    10
       Lajatang          |       |       |       |   123 |   753 |  1447 |   199 |       |       ||  2522
       Scimitar          |       |       |       |       |    33 |       |       |       |       ||    33
       Lance             |       |       |       |       |       |       |   338 |  1046 |  2296 ||  3680
       Demon trident     |       |       |       |       |       |       |  1143 |   591 |       ||  1734
 Cast: Freeze            |    56 |    16 |     3 |       |       |       |       |       |       ||    75
       Frozen Ramparts   |     1 |    11 |    27 |    57 |   118 |   140 |    19 |       |       ||   373
       Tukima's Dance    |       |       |       |     3 |     3 |       |       |       |       ||     6
       Mephitic Cloud    |       |       |       |       |     6 |       |       |       |       ||     6
       Hailstorm         |       |       |       |       |    22 |    74 |    91 |    69 |    22 ||   278
       Irradiate         |       |       |       |       |       |    45 |    17 |    17 |    49 ||   128
       Iron Shot         |       |       |       |       |       |     8 |     5 |     6 |    10 ||    29
       Borgnjor's Vile C |       |       |       |       |       |       |    49 |    79 |    27 ||   155
       Lehudib's Crystal |       |       |       |       |       |       |       |       |     1 ||     1
       Statue Form       |       |       |       |       |       |       |       |       |     1 ||     1
Invok: Donate Gold       |       |       |       |       |       |       |       |       |     2 ||     2
       Vitalisation      |       |       |       |       |       |       |       |       |     1 ||     1
 Abil: End Transformatio |       |       |       |       |       |       |       |       |     1 ||     1
Evoke: Wand              |       |       |     4 |    10 |     7 |    16 |       |     1 |     4 ||    42
       Tin of tremorston |       |       |       |       |       |       |       |       |     3 ||     3
  Use: Scroll            |       |       |    16 |    10 |    15 |     8 |    10 |     5 |    19 ||    83
       Potion            |       |       |       |     1 |       |     5 |       |     2 |    18 ||    26
 Stab: Distracted        |     1 |     1 |     1 |       |     4 |     4 |     6 |     3 |     5 ||    25
       Sleeping          |     1 |     8 |    13 |     2 |    14 |     9 |    33 |    25 |    14 ||   119
       Confused          |       |       |       |       |     5 |       |       |     2 |       ||     7
       Petrified         |       |       |       |       |     4 |       |       |       |       ||     4
       Petrifying        |       |       |       |       |     1 |       |       |       |       ||     1
       Paralysed         |       |       |       |       |       |     3 |       |       |    66 ||    69
       Invisible         |       |       |       |       |       |     6 |       |       |       ||     6
       Held in net/web   |       |       |       |       |       |     2 |       |       |       ||     2
  Eat: Chunk             |     4 |     6 |    13 |    16 |    33 |    42 |    38 |    32 |    16 ||   200
       Ration            |       |       |       |     4 |     2 |     7 |     2 |     3 |    12 ||    30
Armor: Robe              |     4 |       |     3 |       |       |       |       |       |       ||     7
       Pearl dragon scal |       |       |    38 |   277 |   582 |  1367 |   433 |   385 |   660 ||  3742
       Skin              |       |       |       |       |       |       |       |       |    12 ||    12
Dodge: Dodged            |    22 |    32 |    81 |   269 |   554 |  1399 |   469 |   389 |   694 ||  3909
Block: Kite shield       |       |       |       |       |       |       |   442 |   557 |   945 ||  1944
       Reflection        |       |       |       |       |       |       |    70 |    64 |    38 ||   172
       Rpst.: Scimitar   |       |       |       |       |     3 |       |       |       |       ||     3
